 Dungeon Crawl Stone Soup version 0.31-a0-1-g4198be8af4 (webtiles) character file.

Game seed: 5585474087197192391

46 Lobster4 the Conjurer (level 3, -1/26 HPs)
             Began as a Human Conjurer on May 2, 2023.
             Slain by an orc wizard
             ... wielding a +4 dagger
              (4 damage)
             ... on level 3 of the Dungeon.
             The game lasted 00:06:13 (2670 turns).

Lobster4 the Conjurer (Human Conjurer)              Turns: 2670, Time: 00:06:14

Health: -1/26      AC:  5    Str:  8 (9)  XL:     3   Next: 95%
Magic:  6/6        EV: 12    Int: 15 (18) God:
Gold:   64         SH:  0    Dex:  8 (11) Spells: 1/6 levels left

rFire   . . .        m - +2 mace (protect)
rCold   . . .        (no shield)
rNeg    . . .        a - +0 robe
rPois   .            (no helmet)
rElec   .            o - +0 cloak
rCorr   .            (no gloves)
SInv    .            (no boots)
Will    .....        q - amulet of reflection
Stlth   +            c - ring of wizardry
HPRegen 0.24/turn    (no ring)
MPRegen 0.10/turn

%: reflection, wizardry (x1)
@: confused, unable to read
A: iridescent scales 1, inability to read after injury 1
a: no special abilities


You were on level 3 of the Dungeon.
You visited 1 branch of the dungeon, and saw 3 of its levels.

You collected 64 gold pieces.

Inventory:

Hand Weapons
 i - a +0 short sword
 m - a +2 mace of protection (weapon)
Missiles
 g - 13 stones (quivered)
 l - 6 poisoned darts
Armour
 a - a +0 robe (worn)
 k - a +0 leather armour
 o - a +0 cloak (worn)
 x - a +4 ring mail
Jewellery
 c - a ring of wizardry (left hand)
 d - a ring of fire
 q - an amulet of reflection (around neck)
 v - a +6 ring of intelligence
 w - an amulet of regeneration
Scrolls
 j - 2 scrolls of identify {unknown}
 n - a scroll of brand weapon {unknown}
 r - 3 scrolls of fog
 u - 2 scrolls of fear
Potions
 e - a potion of invisibility {unknown}
 f - a potion of brilliance {unknown}
 h - a potion of berserk rage {unknown}
 p - a potion of mutation
 s - a potion of lignification {unknown}
 t - 2 potions of haste {unknown}


   Skills:
 + Level 1.2 Fighting
 + Level 0.1 Maces & Flails
 + Level 0.0 Throwing
 + Level 0.7 Armour
 + Level 2.4 Dodging
 + Level 2.3 Stealth
 + Level 2.3 Spellcasting
 + Level 4.2 Conjurations
 + Level 0.0 Translocations


You had one spell level left.
You knew the following spells:

 Your Spells              Type           Power      Damage    Failure   Level
a - Magic Dart            Conj           56%        1d5       1%          1
b - Searing Ray           Conj           28%        2d5       2%          2
c - Blink                 Tloc           2%         N/A       13%         2

Your spell library contained the following spells:

 Spells                   Type           Power      Damage    Failure   Level
 Momentum Strike          Conj/Tloc      16%        3d8       6%          2
 Dazzling Flash           Conj/Hex       16%        N/A       11%         3
 Lesser Beckoning         Tloc           2%         N/A       13%         2
 Ignite Poison            Fire/Tmut/Pois 1%         N/A       26%         3
 Fulminant Prism          Conj/Hex       4%         3d5       32%         4
 Iskenderun's Mystic Bla  Conj/Tloc      8%         2d4       32%         4
 Sticky Flame             Conj/Fire      8%         2d3       32%         4
 Ignition                 Fire           0%         3d3       100%        8


Dungeon Overview and Level Annotations

Branches:
Dungeon (3/15)

Altars:


Innate Abilities, Weirdness & Mutations

You are partially covered in iridescent scales. (AC +2)
You occasionally lose the ability to read scrolls when taking damage.


Message History

Press: ? - help, Shift-Dir - straight line The searing ray hits something. (Press . to maintain the ray.)
Something hits you.
You barely miss something. Something hits you.
You hit something.
Your weapon exudes an aura of protection.
Something hits you but does no damage.
You closely miss something. Something hits you but does no damage.
Something hits you.
You miss something. Something hits you.
You miss something. Something hits you.
You hit something but do no damage.
Your weapon exudes an aura of protection.
Something hits you. Something hits you but does no damage.
You closely miss something. Something hits you but does no damage.
You closely miss something.
You hear some strange, mumbled words.
You are confused.
You hear some strange, mumbled words.
A puff of flame appears from out of thin air!
The puff of flame hits you.
* * * LOW HITPOINT WARNING * * *
You bump into the rock wall.
Something hits you.
* * * LOW HITPOINT WARNING * * *
Magic courses through your body. Something hits you.
* * * LOW HITPOINT WARNING * * *
You're too confused to cast spells.
Unknown command.
It was a potion of mutation.
You feel extremely strange.
You occasionally lose the ability to read scrolls when taking damage.
Iridescent scales grow over part of your body.
Something hits you.
* * * LOW HITPOINT WARNING * * *
It was a potion of degeneration.
There was something very wrong with that liquid.
You feel weakened.
You feel dopey.
You feel clumsy. Something hits you.
You feel threatened and lose the ability to read scrolls!
You die...

§#
##########§#
#.....#§§§§#
#.###§§# #@#
#§§### #{#
#..§.# #.#
#..#§#
#.###.##§#
#.)...##.#
##....##.#
#.##.##.#
#.#......
#.oo.........#


There were no monsters in sight!

Vanquished Creatures
  A dart slug (D:2)
  An orc (D:3)
  4 bats
  4 endoplasms
  2 giant cockroaches (D:1)
  5 goblins
  5 hobgoblins
  6 kobolds
  4 quokkas
  5 ball pythons
  A frilled lizard (D:1)
38 creatures vanquished.

Notes
Turn   | Place    | Note
-------+----------+-------------------------------------------
     0 | D:1      | Lobster4 the Human Conjurer began the quest for the Orb.
     0 | D:1      | Reached XP level 1. HP: 13/13 MP: 3/3
   372 | D:1      | Reached XP level 2. HP: 20/20 MP: 3/5
   375 | D:1      | Learned a level 2 spell: Searing Ray
   971 | D:1      | Reached skill level 1 in Fighting
   971 | D:1      | Reached XP level 3. HP: 26/26 MP: 3/6
  1468 | D:1      | Learned a level 2 spell: Blink
  1609 | D:2      | Found a faded altar of an unknown god.
  2669 | D:3      | Gained mutation: You occasionally lose the ability to read
                  | scrolls when taking damage. [potion of mutation]
  2669 | D:3      | Gained mutation: You are partially covered in iridescent
                  | scales. (AC +2) [potion of mutation]
  2670 | D:3      | Slain by an orc wizard

Illustrated notes

Levels and vault maps discovered:
D:1:      shiori_arrival_elements, layout_loops_corners,
          minmay_misc_feat_four_crosses
D:2:      layout_loops_corners, shapermc_ecumenical_altar_gd
D:3:      layout_basic, chequers_serial_rivers_small_3, uniq_sigmund

Skill      XL: |  1  2 |
---------------+-------+-----
Fighting       | 1 |  1.2
Maces & Flails | |  0.1
Armour         | |  0.7
Dodging        | |  2.4
Stealth        | |  2.3
Spellcasting   | |  2.3
Conjurations   | |  4.2

Action                     || total
---------------------------++-------
  Melee: Unarmed           ||    16
         Punch             ||     1
         Mace              ||     9
  Throw: Stone             ||    10
   Cast: Magic Dart        ||    83
         Searing Ray       ||     1
    Use: Potion            ||     3
         Scroll            ||     2
   Stab: Sleeping          ||     1
 Armour: Robe              ||    15
  Dodge: Dodged            ||    19
  Block: Other             ||     1

Table legend: (Time is in decaauts)
 A = Elapsed time spent in this place.
 B = Non-inter-level travel time spent in this place.
 C = Inter-level travel time spent in this place.
 D = Time resting spent in this place.
 E = Time spent auto-exploring this place.
 F = Levels seen in this place.
 G = Mean time per level.
                   A        B        C        D        E       F      G
               +--------+--------+--------+--------+--------+-----+--------+
         Total |   2672 |   2548 |    124 |     97 |   2152 |   3 |  890.7 |
       Dungeon |   2672 |   2548 |    124 |     97 |   2152 |   3 |  890.7 |
               +--------+--------+--------+--------+--------+-----+--------+

Top non-repeatable levels by time:
     D:1: 1536 daAuts
     D:2: 1085 daAuts
     D:3: 50 daAuts
